 Dungeon Crawl Stone Soup version 0.19.0 (webtiles) character file.

141 Franakus the Stinger (level 5, -3/31 HPs)
             Began as an Octopode Venom Mage on Nov 1, 2016.
             Slain by a gnoll
             ... wielding a +0 spear
              (12 damage)
             ... on level 3 of the Dungeon.
             The game lasted 00:20:06 (1922 turns).

Franakus the Stinger (Octopode Venom Mage)          Turns: 1922, Time: 00:20:07

Health: -3/31      AC:  1    Str:  5 (7)  XL:     5   Next: 24%
Magic:  5/9        EV: 13    Int: 16 (18) God:
Gold:   80         SH:  0    Dex: 11 (13) Spells: 1 memorised, 8 levels left

rFire  x . .     SeeInvis .     f - +0 short sword
rCold  + . .     Gourm    .     (no shield)
rNeg   . . .     Faith    +     (helmet restricted)
rPois  .         Spirit   .     e - amulet of faith
rElec  .         Reflect  .     c - ring of ice
rCorr  .         Harm     .     (no ring)
MR     .....                    (no ring)
Stlth  +++.......               (no ring)
                                (no ring)
                                (no ring)
                                (no ring)
                                (no ring)

@: no status effects
A: almost no armour, stealthy swim, amphibious, 8 rings, constrict 8, camouflage
1, gelatinous body 1
a: no special abilities


You were on level 3 of the Dungeon.
You were not hungry.

You visited 1 branch of the dungeon, and saw 3 of its levels.

You collected 80 gold pieces.

Inventory:

Hand Weapons
 f - a +0 short sword (weapon)
 m - a +0 dagger
Missiles
 h - 19 sling bullets
 i - 59 stones (quivered)
 n - 2 tomahawks of returning
Jewellery
 c - a ring of ice (left tentacle)
 e - an amulet of faith (around mantle)
 j - an uncursed ring of teleportation
Scrolls
 q - 4 scrolls of identify
Potions
 d - a potion of cure mutation
 l - a potion of resistance {unknown}
Books
 a - a Young Poisoner's Handbook

   Spells                             Type                      Level
   a - Sting                          Conjuration/Poison           1
   b - Mephitic Cloud                 Conjuration/Poison/Air       3
   c - Olgreb's Toxic Radiance        Poison                       4
   d - Alistair's Intoxication        Transmutation/Poison         5
   e - Venom Bolt                     Conjuration/Poison           5
Comestibles
 b - 3 bread rations
 g - a beef jerky
 k - 3 chunks of flesh
 p - a meat ration


   Skills:
 + Level 0.2 Fighting
 + Level 2.4 Dodging
 + Level 3.3 Stealth
 + Level 2.7 Spellcasting
 + Level 1.4 Conjurations
 + Level 6.2 Poison Magic


You had 8 spell levels left.
You knew the following spells:

 Your Spells              Type           Power        Failure   Level  Hunger
a - Sting                 Conj/Pois      ##..         4%          1    #......


Dungeon Overview and Level Annotations

Branches:
Dungeon (3/15)

Altars:


Innate Abilities, Weirdness & Mutations

You cannot wear most types of armour.
You are very stealthy in the water. (Stealth+)
You are amphibious.
You can wear up to eight rings at the same time.
You can use your tentacles to constrict eight enemies at once.
Your skin changes colour to match your surroundings (Stealth+).
Your rubbery body absorbs attacks. (AC +1, EV +1)


Message History

Press: ? - help, Shift-Dir - straight line, f/p - gnoll
Aim: a gnoll, wielding a club (heavily wounded, poisoned)
The sting hits the gnoll.
The gnoll looks even sicker.
The gnoll is severely wounded.
The gnoll closely misses you. The gnoll barely misses you.
You hit the gnoll. You grab the gnoll.
The gnoll is almost dead.
You constrict the gnoll, but do no damage.
You kill the gnoll!
The gnoll barely misses you.
Things that are here:
a club; a gnoll corpse A gnoll comes into view.
It is wielding a spear.
The gnoll moves out of view.
The gnoll shouts!
The gnoll misses you.
The gnoll hits you from afar with a spear.
* * * LOW HITPOINT WARNING * * *
The gnoll hits you from afar with a spear!
You die...

..##.##### .#
.g..gg...# .#
####g###.##.#.#
#.......#
#..#.#### #..#.#
#@.#.##
#.....############
#..g#.)....(.....#
#g#...##########.#
#.##†## #)# #.##.#
#.# #)##.# #.#
##.##.##### #.#
#...#.....# #.#


You could see 2 gnolls.

Vanquished Creatures
  A worker ant (D:3)
  4 adders
  2 gnolls (D:3)
  2 worms (D:3)
  2 dart slugs (D:1)
  6 leopard geckos
  5 bats
  2 giant cockroaches
  7 hobgoblins
  6 kobolds
  A frilled lizard (D:2)
  4 goblins
  6 rats
48 creatures vanquished.

Notes
Turn   | Place    | Note
-------+----------+-------------------------------------------
     0 | D:1      | Franakus the Octopode Venom Mage began the quest for the Orb.
     0 | D:1      | Reached XP level 1. HP: 11/11 MP: 3/3
   100 | D:1      | Reached skill level 5 in Poison Magic
   196 | D:1      | Reached XP level 2. HP: 17/17 MP: 1/5
   540 | D:2      | Reached XP level 3. HP: 21/21 MP: 4/6
   857 | D:2      | Reached skill level 6 in Poison Magic
   857 | D:2      | Reached XP level 4. HP: 11/27 MP: 3/7
  1343 | D:3      | Reached skill level 1 in Conjurations
  1662 | D:3      | Reached XP level 5. HP: 31/31 MP: 7/9
  1922 | D:3      | Slain by a gnoll

Skill      XL: |  1  2  3  4 |
---------------+-------------+-----
Poison Magic   | 5 6 |  6.2
Stealth        | 3 |  3.3
Conjurations   | 1 |  1.4
Fighting       | |  0.2
Dodging        | |  2.4
Spellcasting   | |  2.7

Action                   |  1- 3 |  4- 6 || total
-------------------------+-------+-------++-------
Melee: Dagger            |    26 |    14 ||    40
       Constrict         |     7 |     6 ||    13
       Tentacles         |     2 |     6 ||     8
       Short sword       |       |    15 ||    15
Throw: Stone             |     1 |       ||     1
 Cast: Sting             |    45 |    45 ||    90
  Use: Scroll            |     3 |     2 ||     5
       Potion            |       |     3 ||     3
 Stab: Sleeping          |     2 |     1 ||     3
  Eat: Chunk             |       |     4 ||     4
Armor: Skin              |     4 |     2 ||     6
Dodge: Dodged            |    20 |    20 ||    40
